 Dungeon Crawl Stone Soup version 0.31-a0-765-g67fe2935dc (webtiles) character file.

Game seed: 15758448827733359433

1046 javelincjr the Conjurer (level 8, -8/46 HPs)
             Began as an Octopode Conjurer on Sept 15, 2023.
             Mangled by Duvessa
             ... wielding a +0 short sword
              (13 damage)
             ... on level 5 of the Dungeon.
             The game lasted 00:16:50 (5469 turns).

javelincjr the Conjurer (Octopode Conjurer)         Turns: 5469, Time: 00:16:51

Health: -8/46      AC:  8    Str:  5    XL:     8   Next: 25%
Magic:  0/15       EV: 14    Int: 21    God:
Gold:   267        SH:  5    Dex: 15    Spells: 11/17 levels left

rFire   . . .        u - +2 short sword (protect)
rCold   . . .        (no shield)
rNeg    . . .        (helmet restricted)
rPois   +            r - amulet of reflection
rElec   .            k - ring of see invisible
rCorr   .            (no ring)
SInv    +            (no ring)
Will    .....        (no ring)
Stlth   ++++         (no ring)
HPRegen 0.27/turn    (no ring)
MPRegen 0.14/turn    (no ring)
                     (no ring)

%: reflection
@: under a protective aura
A: almost no armour, amphibious, 8 rings, camouflage 1, gelatinous body 1,
(nimble swimmer 1), tentacles, agile 1, poison resistance
a: no special abilities


You were on level 5 of the Dungeon.
You visited 1 branch of the dungeon, and saw 5 of its levels.

You collected 267 gold pieces.

Inventory:

Hand Weapons
 c - a +0 spear
 l - a +2 dagger of draining
 u - a +2 short sword of protection (weapon)
Jewellery
 k - a ring of see invisible (left tentacle)
 r - an amulet of reflection (around mantle)
Wands
 m - a wand of polymorph (8)
Scrolls
 b - a scroll of brand weapon {unknown}
 d - 3 scrolls of enchant armour
 e - 2 scrolls of fog
 h - a scroll of revelation {unknown}
 n - 3 scrolls of teleportation
 o - a scroll of enchant weapon {unknown}
 q - 2 scrolls of fear {unknown}
 v - a scroll of torment {unknown}
 w - a scroll of poison {unknown}
Potions
 a - a potion of magic
 f - a potion of brilliance {unknown}
 g - 2 potions of lignification
 i - 2 potions of haste
 j - a potion of curing {unknown}
 p - a potion of heal wounds {unknown}
 s - a potion of berserk rage {unknown}
 t - a potion of mutation
 x - a potion of ambrosia {unknown}


   Skills:
 + Level 4.3 Dodging
 + Level 6.2 Stealth
 * Level 5.2 Spellcasting
 * Level 6.6 Conjurations


You had 11 spell levels left.
You knew the following spells:

 Your Spells              Type           Power      Damage    Failure   Level
a - Magic Dart            Conj           100%       1d8       1%          1
b - Searing Ray           Conj           66%        2d6       1%          2
c - Stone Arrow           Conj/Erth      38%        3d9       9%          3

Your spell library contained the following spells:

 Spells                   Type           Power      Damage    Failure   Level
 Dazzling Flash           Conj/Hex       38%        N/A       9%          3
 Sandblast                Erth           10%        2d5       11%         1
 Slow                     Hex            20%        N/A       11%         1
 Blink                    Tloc           10%        N/A       16%         2
 Ensorcelled Hibernation  Hex/Ice        10%        N/A       16%         2
 Jinxbite                 Hex            10%        N/A       16%         2
 Passwall                 Tmut/Erth      4%         N/A       16%         2
 Sublimation of Blood     Necr           5%         N/A       16%         2
 Wereblood                Tmut           5%         N/A       16%         2
 Fulminant Prism          Conj/Hex       9%         3d7       26%         4
 Iskenderun's Mystic Bla  Conj/Tloc      19%        2d6       26%         4
 Confusing Touch          Hex            5%         N/A       32%         3
 Sigil of Binding         Hex            5%         N/A       32%         3
 Summon Guardian Golem    Hex/Summ       5%         N/A       32%         3
 Tukima's Dance           Hex            5%         N/A       32%         3
 Vampiric Draining        Necr           5%         2d6       32%         3
 Anguish                  Hex/Necr       2%         N/A       71%         4
 Manifold Assault         Tloc           5%         N/A       71%         4
 Borgnjor's Vile Clutch   Necr/Erth      2%         N/A       96%         5
 Summon Hydra             Summ           2%         N/A       100%        7
 Shatter                  Erth           2%         3d6*      100%        9


Dungeon Overview and Level Annotations

Branches:
Dungeon (5/15)
 Temple: D:4-7

Altars:

Annotations:
D:5 Duvessa


Innate Abilities, Weirdness & Mutations

You cannot wear most types of armour.
You are amphibious.
You can wear up to eight rings at the same time.
Your skin changes colour to match your surroundings (Stealth+).
Your rubbery body absorbs attacks. (AC +1, EV +1)
((You are camouflaged when in or above water. (Stealth+)))
You have tentacles for arms and can constrict up to eight enemies at once.
You are agile. (Dex +4, Str/Int -1)
Your system is resistant to poisons. (rPois)


Message History

Duvessa closely misses you. You block Duvessa's attack.
Casting: Stone Arrow (dangerous; 9% risk of failure)
Confirm with . or Enter, or press ? or * to list all spells.
Aiming: Stone Arrow (dangerous; 9% risk of failure)
Press: ? - help, Shift-Dir - straight line, f/p - Duvessa
Aim: Duvessa, wielding a +0 short sword and wearing a +3 scale mail of positive energy (severely wounded, berserk, 77% to hit)
The stone arrow hits Duvessa!
Duvessa is severely wounded.
Duvessa hits you with a +0 short sword!
You hit Duvessa but do no damage.
Your weapon exudes an aura of protection.
You grab Duvessa. You squeeze Duvessa, but do no damage.
Duvessa is severely wounded.
You constrict Duvessa, but do no damage.
Duvessa hits you with a +0 short sword! Duvessa hits you with a +0 short sword.
You hit Duvessa.
Duvessa is almost dead.
You constrict Duvessa, but do no damage.
Duvessa hits you with a +0 short sword.
You hit Duvessa.
Duvessa is almost dead.
You constrict Duvessa, but do no damage.
Duvessa hits you with a +0 short sword!
* * * LOW HITPOINT WARNING * * *
Duvessa hits you with a +0 short sword.
* * * LOW HITPOINT WARNING * * *
You hit Duvessa but do no damage. You squeeze Duvessa, but do no damage.
Duvessa is almost dead.
You constrict Duvessa. Duvessa hits you with a +0 short sword.
* * * LOW HITPOINT WARNING * * *
Casting: Stone Arrow (dangerous; 9% risk of failure)
Confirm with . or Enter, or press ? or * to list all spells.
Aiming: Magic Dart (safe; 1% risk of failure)
Press: ? - help, Shift-Dir - straight line, f/p - Duvessa
Aim: Duvessa, wielding a +0 short sword and wearing a +3 scale mail of positive energy (almost dead, constricted by you, berserk, 100% to hit)
The magic dart hits Duvessa.
Duvessa is almost dead.
You constrict Duvessa, but do no damage.
Duvessa hits you with a +0 short sword!
You die...

##.....##.......
##.....##.......
#.......+.......
#......##...####
#......#########
###########...##.......
#......#####'###.......
#........#....).......
#....@...#....#.......
#....e...#...##.)...#.
#........'...#########
#.......)#....#
#........#....#
#........#....#
#####...##...##
#...###### #..........


You could see Duvessa (berserk).

Vanquished Creatures
  Prince Ribbit (D:5)
  Eustachio (D:5)
  A black bear (D:4)
  An ogre (D:5)
  A scorpion (D:4)
  Dowan (D:5)
  A howler monkey (D:5)
  A gnoll bouda (D:4)
  A jelly (D:4)
  An orc priest (D:4)
  A sleepcap (D:5)
  An orc wizard (D:4)
  Robin (D:2)
  4 adders
  9 gnolls (D:4)
  An ufetubus (D:4)
  3 worms (D:2)
  A dart slug (D:5)
  15 orcs
  A bat (D:2)
  6 endoplasms
  A giant cockroach (D:1)
  15 goblins
  7 hobgoblins
  3 jackals (D:2)
  10 kobolds
  5 quokkas
  7 ball pythons
  3 frilled lizards
  5 rats
109 creatures vanquished.

Notes
Turn   | Place    | Note
-------+----------+-------------------------------------------
     0 | D:1      | javelincjr the Octopode Conjurer began the quest for the
                  | Orb.
     0 | D:1      | Reached XP level 1. HP: 11/11 MP: 3/3
   161 | D:1      | Reached XP level 2. HP: 17/17 MP: 0/5
   695 | D:1      | Got the Almanac of Curses
   874 | D:1      | Learned a level 2 spell: Searing Ray
   892 | D:2      | Reached XP level 3. HP: 21/21 MP: 1/6
  1445 | D:2      | Noticed Robin
  1446 | D:2      | Reached XP level 4. HP: 27/27 MP: 1/7
  1637 | D:2      | Killed Robin
  2597 | D:3      | Got the Precepts of Dislocation and Terrain
  2744 | D:3      | Reached XP level 5. HP: 29/31 MP: 7/9
  2848 | D:3      | Found a faded altar of an unknown god.
  3612 | D:4      | Noticed a black bear
  3622 | D:4      | Reached skill level 5 in Conjurations
  3627 | D:4      | Reached XP level 6. HP: 36/36 MP: 4/11
  3875 | D:4      | Reached skill level 5 in Stealth
  4019 | D:4      | Killed a black bear
  4020 | D:4      | Reached XP level 7. HP: 41/41 MP: 3/13
  4031 | D:4      | Learned a level 3 spell: Stone Arrow
  4339 | D:4      | Gained mutation: You are agile. (Dex +4, Str/Int -1)
                  | [potion of mutation]
  4339 | D:4      | Gained mutation: Your system is resistant to poisons.
                  | (rPois) [potion of mutation]
  4550 | D:5      | Entered Level 5 of the Dungeon
  4617 | D:5      | Noticed Prince Ribbit
  4641 | D:5      | Killed Prince Ribbit
  4765 | D:5      | Noticed Eustachio
  4779 | D:5      | Killed Eustachio
  4780 | D:5      | Reached XP level 8. HP: 46/46 MP: 0/15
  5187 | D:5      | Reached skill level 5 in Spellcasting
  5349 | D:5      | Noticed Dowan
  5350 | D:5      | Noticed Duvessa
  5364 | D:5      | Killed Dowan
  5469 | D:5      | Mangled by Duvessa

Illustrated notes

Levels and vault maps discovered:
D:1:      dpeg_arrival_shelter, layout_loops_ring
D:2:      layout_basic, nrook_loot_triangle, uniq_robin
D:3:      layout_loops_ring, shapermc_ecumenical_altar_acropolis, corexii_shack
D:4:      layout_basic, minmay_circle_x
D:5:      layout_gridville, uniq_duvessa, uniq_prince_ribbit1, uniq_eustachio

Skill      XL: |  1  2  3  4  5  6  7  8 |
---------------+-------------------------+-----
Stealth        | 3 4 5 6 |  6.2
Dodging        | 3 4 |  4.3
Spellcasting   | 3 4 5 |  5.2
Conjurations   | 5 6 |  6.6

Action                     |  1- 3 |  4- 6 |  7- 9 || total
---------------------------+-------+-------+-------++-------
  Melee: Spear             |     5 |     3 |       ||     8
         Constrict         |     1 |     7 |     3 ||    11
         Tentacles         |     1 |     7 |     6 ||    14
         Dagger            |       |    23 |       ||    23
         Short sword       |       |     9 |    15 ||    24
   Cast: Magic Dart        |    58 |    67 |    40 ||   165
         Searing Ray       |     2 |    15 |    13 ||    30
         Stone Arrow       |       |       |     5 ||     5
    Use: Scroll            |       |     1 |     5 ||     6
         Potion            |       |       |     1 ||     1
   Stab: Sleeping          |       |     5 |     2 ||     7
 Armour: Skin              |     1 |    23 |    12 ||    36
  Dodge: Dodged            |     1 |    24 |     9 ||    34
  Block: Other             |       |     7 |     3 ||    10

Table legend: (Time is in decaauts)
 A = Elapsed time spent in this place.
 B = Non-inter-level travel time spent in this place.
 C = Inter-level travel time spent in this place.
 D = Time resting spent in this place.
 E = Time spent auto-exploring this place.
 F = Levels seen in this place.
 G = Mean time per level.
                   A        B        C        D        E       F      G
               +--------+--------+--------+--------+--------+-----+--------+
         Total |   5466 |   5408 |     58 |    468 |   4111 |   5 | 1093.2 |
       Dungeon |   5466 |   5408 |     58 |    468 |   4111 |   5 | 1093.2 |
               +--------+--------+--------+--------+--------+-----+--------+

Top non-repeatable levels by time:
     D:2: 1574 daAuts
     D:4: 1415 daAuts
     D:5: 918 daAuts
     D:1: 886 daAuts
     D:3: 671 daAuts
